TOP OF THE 1ST |
Danville Braves batting - Pitching for Ogden Raptors : RHP Zach Clausen
|
Pitching: RHP Zach Clausen
|
|
Batting: RHB Danny Dimas
|
0-0: Ball 1-0: Foul Ball, location: 2F 1-1: Ball 2-1: Called Strike 2-2: DOUBLE (Line Drive, 9LS, EV 98.1 MPH)
|
Batting: LHB Mitsujiro Tanaka
|
0-0: Fly out, F9 (Flyball, 9D, EV 89.4 MPH) Runner from 2nd tags up, SAFE at 3rd, no throw by RF
|
Batting: LHB Ivan Castillo
|
0-0: Ball 1-0: Ground out 6-3 (Groundball, 6, EV 101.2 MPH) Danny Dimas scores
|
Batting: RHB Richard Saquic
|
0-0: Ball 1-0: Foul Ball, location: 2F 1-1: Swinging Strike 1-2: Foul Ball, location: 2F 1-2: SINGLE (Groundball, 56D, EV 95.0 MPH)
|
Batting: RHB Rodolfo Cosme
|
0-0: Called Strike 0-1: Ball 1-1: DOUBLE (Flyball, 8LXD, EV 97.5 MPH) Richard Saquic to third Runner from 3rd tries for Home, SAFE, throw by CF to home
|
Batting: RHB Carlos Livas
|
0-0: Ball Passed Ball! Rodolfo Cosme to third 1-0: SINGLE (Groundball, 56D, EV 96.2 MPH) Rodolfo Cosme scores
|
Batting: LHB Diego Garcia
|
0-0: Ball Wild Pitch! Carlos Livas to second 1-0: Foul Ball, location: 2F 1-1: Foul Ball, location: 2F 1-2: Foul Ball, location: 2F 1-2: Strikes out swinging
|
Top of the 1st over - 3 runs, 4 hits, 0 errors, 1 left on base; Danville 3 - Ogden 0 |
BOTTOM OF THE 1ST |
Ogden Raptors batting - Pitching for Danville Braves : RHP Jose Clemente
|
Pitching: RHP Jose Clemente
|
|
Batting: RHB Felipe Rivera
|
0-0: Fly out, F4 (Popup, 4S, EV 66.9 MPH)
|
Batting: RHB Carlos Gonzalez
|
0-0: Called Strike 0-1: Called Strike 0-2: Foul Ball, location: 2F 0-2: Ball 1-2: Ball 2-2: Ball 3-2: Base on Balls
|
Batting: RHB Jerry Sanchez
|
0-0: Ball 1-0: Called Strike 1-1: Ball 2-1: Foul Ball, location: 2F 2-2: Strikes out swinging
|
Batting: LHB Pedro Garza
|
0-0: Called Strike 0-1: Foul Ball, location: 2F 0-2: Foul Ball, location: 2F 0-2: Ball 1-2: Ball 2-2: Foul Ball, location: 2F 2-2: Ball 3-2: Base on Balls Carlos Gonzalez to second
|
Batting: SHB Javy Franco
|
0-0: Foul Ball, location: 2F 0-1: DOUBLE (Groundball, 3L, EV 110.0 MPH) Carlos Gonzalez scores Pedro Garza to third
|
Batting: RHB Mike Kaczor
|
0-0: Called Strike 0-1: Fly out, F9 (Flyball, 9LS, EV 88.1 MPH)
|
Bottom of the 1st over - 1 run, 1 hit, 0 errors, 2 left on base; Danville 3 - Ogden 1 |
TOP OF THE 2ND |
Danville Braves batting - Pitching for Ogden Raptors : RHP Zach Clausen
|
Batting: RHB Roman Lauder
|
0-0: Ball 1-0: Foul Ball, location: 2F 1-1: Ball 2-1: Foul Ball, location: 2F 2-2: Foul Ball, location: 2F 2-2: Strikes out swinging
|
Batting: RHB Aaron Sartini
|
0-0: Called Strike 0-1: Ground out 6-3 (Groundball, 56, EV 80.0 MPH)
|
Batting: RHB Danny Dimas
|
0-0: Ground out 6-3 (Groundball, 6, EV 103.1 MPH)
|
Top of the 2nd over - 0 runs, 0 hits, 0 errors, 0 left on base; Danville 3 - Ogden 1 |
BOTTOM OF THE 2ND |
Ogden Raptors batting - Pitching for Danville Braves : RHP Jose Clemente
|
Batting: SHB Jason Todd
|
0-0: Ball 1-0: Ground out 4-3 (Groundball, 34, EV 75.6 MPH)
|
Batting: RHB Alex Diaz
|
0-0: Ball 1-0: Called Strike 1-1: Ground out 5-3 (Groundball, 5, EV 90.6 MPH)
|
Batting: RHB Guillermo Puente
|
0-0: Fly out, F9 (Flyball, 89D, EV 89.4 MPH)
|
Bottom of the 2nd over - 0 runs, 0 hits, 0 errors, 0 left on base; Danville 3 - Ogden 1 |
TOP OF THE 3RD |
Danville Braves batting - Pitching for Ogden Raptors : RHP Zach Clausen
|
Batting: LHB Mitsujiro Tanaka
|
0-0: Ball 1-0: Foul Ball, location: 2F 1-1: Swinging Strike 1-2: Ball 2-2: Ball 3-2: Strikes out swinging
|
Batting: LHB Ivan Castillo
|
0-0: Ball 1-0: Ball 2-0: Foul Ball, location: 2F 2-1: Called Strike 2-2: Foul Ball, location: 2F 2-2: Foul Ball, location: 2F 2-2: Ball 3-2: Fly out, F8 (Flyball, 89M, EV 96.2 MPH)
|
Batting: RHB Richard Saquic
|
0-0: Ball 1-0: Called Strike 1-1: Swinging Strike 1-2: Ball 2-2: Foul Ball, location: 2F 2-2: Foul Ball, location: 2F 2-2: Ball 3-2: Foul Ball, location: 2F 3-2: TRIPLE (Groundball, 3L, EV 96.2 MPH)
|
Batting: RHB Rodolfo Cosme
|
0-0: SINGLE (Line Drive, 8RS, EV 101.2 MPH) Richard Saquic scores
|
Batting: RHB Carlos Livas
|
0-0: Ball 1-0: Ball 2-0: Called Strike 2-1: Swinging Strike 2-2: Strikes out swinging
|
Top of the 3rd over - 1 run, 2 hits, 0 errors, 1 left on base; Danville 4 - Ogden 1 |
BOTTOM OF THE 3RD |
Ogden Raptors batting - Pitching for Danville Braves : RHP Jose Clemente
|
Batting: RHB Felipe Rivera
|
0-0: Ground out 6-3 (Groundball, 6, EV 98.1 MPH)
|
Batting: RHB Carlos Gonzalez
|
0-0: Ball 1-0: Ball 2-0: Foul Ball, location: 2F 2-1: SINGLE (Groundball, 56D, EV 98.8 MPH)
|
Batting: RHB Jerry Sanchez
|
0-0: Fielders Choice at 2nd, 2-4 (Groundball, 15S, EV 68.1 MPH)
|
Batting: LHB Pedro Garza
|
0-0: Called Strike 0-1: Swinging Strike 0-2: Strikes out swinging
|
Bottom of the 3rd over - 0 runs, 1 hit, 0 errors, 1 left on base; Danville 4 - Ogden 1 |
TOP OF THE 4TH |
Danville Braves batting - Pitching for Ogden Raptors : RHP Zach Clausen
|
Batting: LHB Diego Garcia
|
0-0: DOUBLE (Line Drive, 7LM, EV 105.0 MPH)
|
Batting: RHB Roman Lauder
|
0-0: Fly out, F8 (Flyball, 8LM, EV 90.0 MPH)
|
Batting: RHB Aaron Sartini
|
0-0: Called Strike 0-1: Fly out, F4 (Popup, 4MD, EV 46.2 MPH)
|
Batting: RHB Danny Dimas
|
0-0: Called Strike 0-1: Swinging Strike 0-2: Ball 1-2: Strikes out swinging
|
Top of the 4th over - 0 runs, 1 hit, 0 errors, 1 left on base; Danville 4 - Ogden 1 |
BOTTOM OF THE 4TH |
Ogden Raptors batting - Pitching for Danville Braves : RHP Jose Clemente
|
Batting: SHB Javy Franco
|
0-0: Ball 1-0: Foul Ball, location: 2F 1-1: Ball 2-1: Foul Ball, location: 2F 2-2: Foul Ball, location: 2F 2-2: Ball 3-2: Foul Ball, location: 2F 3-2: Ground out 4-3 (Groundball, 4, EV 81.2 MPH)
|
Batting: RHB Mike Kaczor
|
0-0: Ball 1-0: SINGLE (Groundball, 6MD, EV 94.4 MPH)
|
Batting: SHB Jason Todd
|
0-0: Ball 1-0: Ball 2-0: Swinging Strike 2-1: Ball 3-1: Base on Balls Mike Kaczor to second
|
Batting: RHB Alex Diaz
|
0-0: Ball 1-0: Fielders Choice at 2nd, 6-4 (Groundball, 6, EV 77.5 MPH) Mike Kaczor to third
|
Batting: RHB Guillermo Puente
|
0-0: Ball 1-0: DOUBLE (Groundball, 5L, EV 100.6 MPH) Mike Kaczor scores Alex Diaz to third Runner from 3rd tries for Home, SAFE, throw by LF to trailing runner, OUT at third! 7-3-5
|
Bottom of the 4th over - 2 runs, 2 hits, 0 errors, 0 left on base; Danville 4 - Ogden 3 |
TOP OF THE 5TH |
Danville Braves batting - Pitching for Ogden Raptors : RHP Zach Clausen
|
Batting: LHB Mitsujiro Tanaka
|
0-0: Ball 1-0: Foul Ball, location: 2F 1-1: Swinging Strike 1-2: Strikes out swinging
|
Batting: LHB Ivan Castillo
|
0-0: Ball 1-0: Ball 2-0: Ball 3-0: Called Strike 3-1: SINGLE (Groundball, 34D, EV 104.4 MPH)
|
Batting: RHB Richard Saquic
|
0-0: Called Strike 0-1: Ball 1-1: Ball 2-1: Ball 3-1: Base on Balls Ivan Castillo to second
|
Pitching: LHP Conor Bailey
|
|
Batting: RHB Rodolfo Cosme
|
0-0: Ball 1-0: SINGLE (Line Drive, 34D, EV 100.0 MPH) Ivan Castillo to third Richard Saquic to second
|
Batting: RHB Carlos Livas
|
0-0: Ball 1-0: Ball 2-0: Ball 3-0: Foul Ball, location: 2F 3-1: SINGLE (Groundball, 4M, EV 105.0 MPH) Ivan Castillo scores Richard Saquic to third Rodolfo Cosme to second
|
Batting: LHB Diego Garcia
|
0-0: Ball 1-0: Ball 2-0: Ball 3-0: Called Strike 3-1: Swinging Strike 3-2: Strikes out swinging
|
Batting: RHB Roman Lauder
|
0-0: Fly out, F5 (Popup, 56S, EV 73.8 MPH)
|
Top of the 5th over - 1 run, 3 hits, 0 errors, 3 left on base; Danville 5 - Ogden 3 |
BOTTOM OF THE 5TH |
Ogden Raptors batting - Pitching for Danville Braves : RHP Jose Clemente
|
Batting: RHB Felipe Rivera
|
0-0: Called Strike 0-1: Foul Ball, location: 2F 0-2: Foul Ball, location: 2F 0-2: Ball 1-2: Ball 2-2: Strikes out swinging
|
Batting: RHB Carlos Gonzalez
|
0-0: Ball 1-0: Ball 2-0: SOLO HOME RUN (Flyball, 7LD, EV 95.6 MPH), Distance : 356 ft
|
Batting: RHB Jerry Sanchez
|
0-0: Ground out 4-3 (Groundball, 34, EV 96.9 MPH)
|
Batting: LHB Pedro Garza
|
0-0: Ball 1-0: Foul Ball, location: 2F 1-1: Fly out, F8 (Flyball, 8LXD, EV 94.4 MPH)
|
Bottom of the 5th over - 1 run, 1 hit, 0 errors, 0 left on base; Danville 5 - Ogden 4 |
TOP OF THE 6TH |
Danville Braves batting - Pitching for Ogden Raptors : LHP Conor Bailey
|
Batting: RHB Aaron Sartini
|
0-0: Called Strike 0-1: Ball 1-1: Foul Ball, location: 2F 1-2: DOUBLE (Line Drive, 9LS, EV 100.6 MPH)
|
Batting: RHB Danny Dimas
|
0-0: Swinging Strike 0-1: Swinging Strike 0-2: Foul Ball, location: 2F 0-2: Ball 1-2: Ball Wild Pitch! Aaron Sartini to third 2-2: Strikes out swinging
|
Batting: LHB Mitsujiro Tanaka
|
0-0: Ball 1-0: Swinging Strike 1-1: Called Strike 1-2: Strikes out swinging
|
Batting: LHB Ivan Castillo
|
0-0: Ball 1-0: Ball 2-0: Ball 3-0: Base on Balls
|
Batting: RHB Richard Saquic
|
0-0: Ball 1-0: Fly out, F8 (Flyball, 78XD, EV 111.9 MPH)
|
Top of the 6th over - 0 runs, 1 hit, 0 errors, 2 left on base; Danville 5 - Ogden 4 |
BOTTOM OF THE 6TH |
Ogden Raptors batting - Pitching for Danville Braves : RHP Jose Clemente
|
Batting: SHB Javy Franco
|
0-0: Ball 1-0: Ball 2-0: Called Strike 2-1: Ball 3-1: Base on Balls
|
Batting: RHB Mike Kaczor
|
0-0: Ball 1-0: Ball 2-0: Swinging Strike 2-1: Ball 3-1: Base on Balls Javy Franco to second
|
Batting: SHB Jason Todd
|
0-0: Ball 1-0: Foul Ball, location: 2F 1-1: Foul Ball, location: 2F 1-2: Ball 2-2: DOUBLE (Flyball, 8RXD, EV 108.1 MPH) Javy Franco scores Mike Kaczor to third
|
Pitching: RHP Geronimo Savio
|
|
Pinch Hitting: SHB Jesus Gomez
|
0-0: Swinging Strike 0-1: Ball 1-1: Ball 2-1: Called Strike 2-2: Ball 3-2: Foul Ball, location: 2F 3-2: Foul Ball, location: 2F 3-2: Foul Ball, location: 2F 3-2: Foul Ball, location: 2F 3-2: Ground out 4-3 (Groundball, 4, EV 90.6 MPH)
|
Batting: RHB Guillermo Puente
|
0-0: DOUBLE (Groundball, 5L, EV 101.2 MPH) Mike Kaczor scores Jason Todd scores
|
Batting: RHB Felipe Rivera
|
0-0: Ball Guillermo Puente steals 3rd base 1-0: Ball Wild Pitch! Guillermo Puente scores 2-0: Ball 3-0: Base on Balls
|
Batting: RHB Carlos Gonzalez
|
0-0: Ball Felipe Rivera is caught stealing 2nd base 2-4 1-0: Swinging Strike 1-1: Ball 2-1: Ball 3-1: Base on Balls
|
Batting: RHB Jerry Sanchez
|
0-0: SINGLE (Line Drive, 78S, EV 103.1 MPH) Carlos Gonzalez to second
|
Batting: LHB Pedro Garza
|
0-0: Ball 1-0: Foul Ball, location: 2F 1-1: Ball 2-1: Ball 3-1: Base on Balls Carlos Gonzalez to third Jerry Sanchez to second
|
Pitching: RHP Jason Barber
|
|
Batting: SHB Javy Franco
|
0-0: Called Strike 0-1: Ball 1-1: Called Strike 1-2: Ball 2-2: Foul Ball, location: 2F 2-2: Ball 3-2: Foul Ball, location: 2F 3-2: Foul Ball, location: 2F 3-2: Ground out 6-3 (Groundball, 6, EV 85.6 MPH)
|
Bottom of the 6th over - 4 runs, 3 hits, 0 errors, 3 left on base; Danville 5 - Ogden 8 |
TOP OF THE 7TH |
Danville Braves batting - Pitching for Ogden Raptors : LHP Conor Bailey
|
Now in CF: Guillermo Puente
|
|
Now in RF: Jesus Gomez
|
|
Batting: RHB Rodolfo Cosme
|
0-0: Swinging Strike 0-1: Ball 1-1: Swinging Strike 1-2: Strikes out looking
|
Batting: RHB Carlos Livas
|
0-0: Ball 1-0: Called Strike 1-1: Called Strike 1-2: Strikes out swinging
|
Batting: LHB Diego Garcia
|
0-0: Called Strike 0-1: Ball 1-1: Fly out, F6 (Line Drive, 6M, EV 62.5 MPH)
|
Top of the 7th over - 0 runs, 0 hits, 0 errors, 0 left on base; Danville 5 - Ogden 8 |
BOTTOM OF THE 7TH |
Ogden Raptors batting - Pitching for Danville Braves : RHP Jason Barber
|
Batting: RHB Mike Kaczor
|
0-0: Ball 1-0: Ball 2-0: SINGLE (Line Drive, 3D, EV 96.2 MPH)
|
Batting: SHB Jason Todd
|
0-0: Foul Ball, location: 2F 0-1: Ball 1-1: Fly out, F4 (Flyball, 34D, EV 86.9 MPH)
|
Batting: SHB Jesus Gomez
|
0-0: Ball 1-0: Foul Ball, location: 2F 1-1: Swinging Strike 1-2: Foul Ball, location: 2F 1-2: Ground out 6-3 (Groundball, 4MD, EV 102.5 MPH) Mike Kaczor to second
|
Batting: RHB Guillermo Puente
|
0-0: Foul Ball, location: 2F 0-1: Called Strike 0-2: Fly out, F9 (Flyball, 89M, EV 89.4 MPH)
|
Bottom of the 7th over - 0 runs, 1 hit, 0 errors, 1 left on base; Danville 5 - Ogden 8 |
TOP OF THE 8TH |
Danville Braves batting - Pitching for Ogden Raptors : LHP Conor Bailey
|
Batting: RHB Roman Lauder
|
0-0: Called Strike 0-1: SINGLE (Flyball, 8LS, EV 95.0 MPH)
|
Batting: RHB Aaron Sartini
|
0-0: Ball 1-0: SINGLE (Groundball, 34D, EV 98.1 MPH) Roman Lauder to second Runner from 2nd tries for 3rd, SAFE, throw by RF made to third
|
Batting: RHB Danny Dimas
|
0-0: Swinging Strike 0-1: Foul Ball, location: 2F 0-2: Strikes out swinging
|
Batting: LHB Mitsujiro Tanaka
|
0-0: Called Strike 0-1: Swinging Strike 0-2: Ball Wild Pitch! Roman Lauder scores Aaron Sartini to second 1-2: Foul Ball, location: 2F 1-2: Ball Wild Pitch! Aaron Sartini to third 2-2: Fly out, F8 (Flyball, 8RD, EV 107.5 MPH) Runner from 3rd tags up, SCORES, no throw by CF
|
Batting: LHB Ivan Castillo
|
0-0: Called Strike 0-1: Ball 1-1: Ball 2-1: Ball 3-1: SINGLE (Line Drive, 9S, EV 100.6 MPH)
|
Pitching: RHP Clyde Miller
|
|
Batting: RHB Richard Saquic
|
0-0: Ball 1-0: Called Strike 1-1: Ball 2-1: Ball 3-1: Swinging Strike 3-2: Ground out 6-3 (Groundball, 56, EV 90.6 MPH)
|
Top of the 8th over - 2 runs, 3 hits, 0 errors, 1 left on base; Danville 7 - Ogden 8 |
BOTTOM OF THE 8TH |
Ogden Raptors batting - Pitching for Danville Braves : RHP Jason Barber
|
Batting: RHB Felipe Rivera
|
0-0: Ball 1-0: Called Strike 1-1: Ball 2-1: Fly out, F7 (Flyball, 7LM, EV 107.5 MPH)
|
Batting: RHB Carlos Gonzalez
|
0-0: Ball 1-0: Ground out 4-3 (Groundball, 4S, EV 90.0 MPH)
|
Batting: RHB Jerry Sanchez
|
0-0: Swinging Strike 0-1: Ball 1-1: Ball 2-1: Called Strike 2-2: Foul Ball, location: 2F 2-2: Ground out 6-3 (Groundball, 6, EV 103.1 MPH)
|
Bottom of the 8th over - 0 runs, 0 hits, 0 errors, 0 left on base; Danville 7 - Ogden 8 |
TOP OF THE 9TH |
Danville Braves batting - Pitching for Ogden Raptors : RHP Clyde Miller
|
Pitching: LHP Randy Dupuis
|
|
Now at 1B: David Watkins
|
|
Now in LF: Jesus Gomez
|
|
Now in RF: Kekoa Kahele
|
|
Batting: RHB Rodolfo Cosme
|
0-0: Swinging Strike 0-1: Ball 1-1: Ball 2-1: Foul Ball, location: 2F 2-2: Ball 3-2: DOUBLE (Line Drive, 7LS, EV 88.8 MPH)
|
Batting: RHB Carlos Livas
|
0-0: Ball 1-0: Ball Passed Ball! Rodolfo Cosme to third 2-0: Called Strike 2-1: Ball 3-1: Base on Balls
|
Pinch Hitting: RHB Roberto Rios
|
0-0: Ball 1-0: Swinging Strike 1-1: Ball 2-1: Foul Ball, location: 2F 2-2: Foul Ball, location: 2F 2-2: Ground out 4-3 (Groundball, 4, EV 95.0 MPH) Carlos Livas to second
|
Batting: RHB Roman Lauder
|
0-0: Intentional Walk
|
Pinch Hitting: RHB Vicente Guillen
|
0-0: SINGLE (Groundball, 4MD, EV 98.8 MPH) Rodolfo Cosme scores Carlos Livas to third Roman Lauder to second
|
Batting: RHB Danny Dimas
|
0-0: Ball 1-0: Called Strike 1-1: Ball 2-1: SINGLE (Line Drive, 4MD, EV 98.8 MPH) Carlos Livas scores Roman Lauder to third Vicente Guillen to second
|
Batting: LHB Mitsujiro Tanaka
|
0-0: Called Strike 0-1: Ball Wild Pitch! Roman Lauder scores Vicente Guillen to third Danny Dimas to second 1-1: Intentional Walk
|
Batting: LHB Ivan Castillo
|
0-0: Grounds into fielders choice 4-2 (Groundball, 4, EV 91.9 MPH) Danny Dimas to third Mitsujiro Tanaka to second
|
Batting: RHB Richard Saquic
|
0-0: SINGLE (Line Drive, 56, EV 95.0 MPH) Danny Dimas scores Mitsujiro Tanaka to third Ivan Castillo to second Runner from 3rd tries for Home, SAFE, throw by LF to home
|
Pitching: RHP Gerardo Diaz
|
|
Batting: RHB Rodolfo Cosme
|
0-0: Ball 1-0: Ground out U3 (Groundball, 34S, EV 85.0 MPH)
|
Top of the 9th over - 5 runs, 4 hits, 0 errors, 2 left on base; Danville 12 - Ogden 8 |
BOTTOM OF THE 9TH |
Ogden Raptors batting - Pitching for Danville Braves : RHP Jason Barber
|
Pitching: RHP Outa Tamura
|
|
Now at 1B: Carlos Livas
|
|
Now at 3B: Paul Holland
|
|
Now in CF: James Anderson
|
|
Batting: RHB David Watkins
|
0-0: Foul Ball, location: 2F 0-1: Ball 1-1: Ball 2-1: Ball 3-1: Foul Ball, location: 2F 3-2: Ground out 6-3 (Groundball, 6, EV 106.2 MPH)
|
Batting: SHB Javy Franco
|
0-0: Ball 1-0: Called Strike 1-1: Ball 2-1: Ball 3-1: Swinging Strike 3-2: Strikes out swinging
|
Batting: RHB Mike Kaczor
|
0-0: Swinging Strike 0-1: Swinging Strike 0-2: Ball 1-2: Strikes out swinging
|
Bottom of the 9th over - 0 runs, 0 hits, 0 errors, 0 left on base; Danville 12 - Ogden 8 |
|